 Dungeon Crawl Stone Soup version 0.29-a0-275-g389c0b56f3 (webtiles) character file.

Game seed: 11354820662532788536

454 mopl the Chopper (level 6, -14/51 HPs)
             Began as a Palentonga Fighter on Mar 9, 2022.
             Demolished by an ogre
             ... wielding a +0 giant club
              (21 damage)
             ... on level 4 of the Dungeon.
             The game lasted 00:03:08 (3379 turns).

mopl the Chopper (Palentonga Fighter)               Turns: 3379, Time: 00:03:09

Health: -14/51     AC: 10    Str: 19    XL:     6   Next: 76%
Magic:  6/6        EV:  7    Int:  8    God:
Gold:   85         SH:  4    Dex: 10    Spells: 5/5 levels left

rFire   . . .      SeeInvis +   a - +0 war axe
rCold   + . .      Faith    .   c - +0 buckler
rNeg    . . .      Spirit   .   b - +0 scale mail
rPois   .          Reflect  .   o - +1 helmet
rElec   +          Harm     .   (no cloak)
rCorr   .          Rampage  .   h - +0 pair of gloves
Will    .....                   (no barding)
Stlth   ..........              (no amulet)
HPRegen 0.17/turn               n - ring of False Hope {rElec rC+ Dex-2 SInv}
MPRegen 0.10/turn               (no ring)

@: no status effects
A: large, rugged brown scales 3, see invisible, deformed body, roll 1, armoured
tail
a: Rolling Charge


You were on level 4 of the Dungeon.
You visited 1 branch of the dungeon, and saw 4 of its levels.

You collected 85 gold pieces.

Inventory:

Hand Weapons
 a - a +0 war axe (weapon)
Missiles
 p - 4 javelins
 q - 8 poisoned darts
 r - 5 boomerangs
Armour
 b - a +0 scale mail (worn)
 c - a +0 buckler (worn)
 h - a +0 pair of gloves (worn)
 o - a +1 helmet (worn)
Jewellery
 n - the ring of False Hope (left hand) {rElec rC+ Dex-2 SInv}
   (You found it on level 2 of the Dungeon)

   [ring of protection from cold]

   Dex:       It affects your dexterity (-2).
   rC:        It protects you from cold.
   rElec:     It insulates you from electricity.
   SInv:      It lets you see invisible.
Scrolls
 e - a scroll of magic mapping {unknown}
 g - 2 scrolls of fear {unknown}
 i - a scroll of amnesia {unknown}
 j - a scroll of vulnerability {unknown}
 k - 2 scrolls of identify {unknown}
 l - a scroll of immolation {unknown}
 s - a scroll of summoning {unknown}
 t - a scroll of holy word {unknown}
 u - a scroll of blinking {unknown}
 w - a scroll of enchant armour {unknown}
Potions
 d - a potion of might
 f - 3 potions of curing
 m - a potion of degeneration {unknown}
 v - 2 potions of resistance {unknown}
 x - a potion of ambrosia {unknown}


   Skills:
 + Level 4.3 Fighting
 * Level 4.8 Axes
 + Level 3.5 Armour
 + Level 2.3 Dodging
 - Level 2.4 Shields


You had 5 spell levels left.
You didn't know any spells.
Your spell library contained the following spells:

 Spells                   Type           Power      Damage    Failure   Level
 Ensorcelled Hibernation  Hex/Ice        0%         N/A       94%         2
 Spider Form              Tmut/Pois      0%         N/A       99%         3
 Anguish                  Hex/Necr       0%         N/A       100%        4
 Fireball                 Conj/Fire      0%         3d3       100%        5
 Starburst                Conj/Fire      0%         6d3       100%        6
 Ignition                 Fire           0%         3d3       100%        8


Dungeon Overview and Level Annotations

Branches:
Dungeon (4/15)
 Temple: D:4-7

Altars:
Fedhas
Zin


Innate Abilities, Weirdness & Mutations

You are completely covered in rugged brown scales. (AC +3, +7% HP)
You have supernaturally acute eyesight. (SInv)
Armour fits poorly on your strangely shaped body.
You can roll at nearby foes to attack.
You have a long armoured tail.


Message History

There is an open door here.
There is a stone staircase leading up here.
You start resting.
You hear a distant slurping noise. x3
HP restored.
An endoplasm comes into view.
The endoplasm quivers.
An endoplasm is nearby!
The endoplasm barely misses you.
You hit the endoplasm but do no damage. The endoplasm closely misses you.
You slash the endoplasm!
You kill the endoplasm!
No target in view!
No target in view!
No target in view!
No target in view!
No target in view!
No target in view!
Found a dagger.
An ogre comes into view. It is wielding a +0 giant club.
The ogre shouts!
You hear an angry hiss.
An iguana comes into view.
The iguana hisses angrily.
The ogre hits you with a +0 giant club!!
You hit the ogre.
Your tail-slap misses the ogre.
The ogre is lightly wounded.
The ogre hits you with a +0 giant club!
* * * LOW HITPOINT WARNING * * *
You are too injured to fight recklessly!
You are too injured to fight recklessly!
You are too injured to fight recklessly!
You slash the ogre!
The ogre is heavily wounded.
The ogre closely misses you.
You slash the ogre! You tail-slap the ogre.
The ogre is almost dead.
You closely miss the iguana. The iguana bites you!
* * * LOW HITPOINT WARNING * * *
The ogre hits you with a +0 giant club!!
You die...

##+################
#.................. ...
#.................. ..
#.................. #.
#.................. #.
#.................. #.
#...........l...... #.
#..........@O...... #.
######..................
+.
..................).....
###.
......##########'#......
.......
.<.)..#..........#......
.......
......#..........#......
.......
......#..........+ .....
.......
......'..........# .....
....... ......#........
....o..


You could see an ogre and an iguana.

Vanquished Creatures
  A water moccasin (D:4)
  An ogre (D:3)
  2 scorpions (D:4)
  4 gnolls
  2 adders
  A worm (D:2)
  A dart slug (D:1)
  3 orcs (D:3)
  7 endoplasms
  A giant cockroach (D:1)
  13 hobgoblins
  5 jackals
  7 kobolds
  6 quokkas
  6 ball pythons
  6 bats
  4 frilled lizards
  8 goblins
  7 rats
85 creatures vanquished.

Notes
Turn   | Place    | Note
-------+----------+-------------------------------------------
     0 | D:1      | mopl the Palentonga Fighter began the quest for the Orb.
     0 | D:1      | Reached XP level 1. HP: 19/19 MP: 1/1
   146 | D:1      | Reached XP level 2. HP: 16/25 MP: 2/2
   685 | D:1      | Reached XP level 3. HP: 25/31 MP: 3/3
   972 | D:2      | Identified the ring of False Hope {rElec rC+ Dex-2 SInv}
  1106 | D:2      | Reached skill level 1 in Dodging
  1156 | D:2      | Reached skill level 3 in Axes
  1195 | D:2      | Reached XP level 4. HP: 31/37 MP: 4/4
  1605 | D:3      | Found a faded altar of an unknown god.
  1617 | D:3      | Noticed an ogre
  1625 | D:3      | Killed an ogre
  1626 | D:3      | Reached skill level 3 in Armour
  1626 | D:3      | Reached XP level 5. HP: 2/44 MP: 5/5
  1964 | D:3      | Found a blossoming altar of Fedhas.
  2318 | D:3      | Found a glowing silver altar of Zin.
  2700 | D:3      | Reached skill level 4 in Axes
  2791 | D:4      | Noticed a water moccasin
  2799 | D:4      | Killed a water moccasin
  2800 | D:4      | Reached skill level 4 in Fighting
  2800 | D:4      | Reached skill level 2 in Dodging
  2800 | D:4      | Reached XP level 6. HP: 24/51 MP: 6/6
  3379 | D:4      | Demolished by an ogre

Illustrated notes

Levels and vault maps discovered:
D:1:      sevenhm_arrival_forest_fort_large_1, layout_rooms,
          minmay_misc_feat_chi
D:2:      layout_basic
D:3:      layout_loops_ring, mainiacjoe_overflow_chevrons,
          mainiacjoe_overflow_alcove_4, hellmonk_ecumenical_altar_arch_garden,
          kennysheep_generic_room_4
D:4:      layout_gridville, lemuel_round_altar, serial_shops,
          nicolae_lakefront_shop

Skill      XL: |  1  2  3  4  5 |
---------------+----------------+-----
Dodging        | 1 2 |  2.3
Axes           | 3 4 |  4.8
Armour         | 3 |  3.5
Fighting       | 4 |  4.3
Shields        | |  2.4

Action                   |  1- 3 |  4- 6 || total
-------------------------+-------+-------++-------
Melee: War axe           |   129 |   109 ||   238
       Tailslap          |    12 |    11 ||    23
 Abil: Rolling Charge    |       |     1 ||     1
  Use: Potion            |       |     1 ||     1
Armor: Scale mail        |    69 |    56 ||   125
Dodge: Dodged            |    61 |    53 ||   114
Block: Buckler           |    26 |    20 ||    46

Table legend: (Time is in decaauts)
 A = Elapsed time spent in this place.
 B = Non-inter-level travel time spent in this place.
 C = Inter-level travel time spent in this place.
 D = Time resting spent in this place.
 E = Time spent auto-exploring this place.
 F = Levels seen in this place.
 G = Mean time per level.
                   A        B        C        D        E       F      G
               +--------+--------+--------+--------+--------+-----+--------+
         Total |   3474 |   3385 |     89 |   1382 |   1368 |   4 |  868.5 |
       Dungeon |   3474 |   3385 |     89 |   1382 |   1368 |   4 |  868.5 |
               +--------+--------+--------+--------+--------+-----+--------+

Top non-repeatable levels by time:
     D:3: 1334 daAuts
     D:1: 974 daAuts
     D:2: 627 daAuts
     D:4: 538 daAuts
